[Event "*** Titled Tuesday Blitz"]
[Site "Chess.com"]
[Date "2020.03.03"]
[Round "2"]
[White "talman67"]
[Black "ajian"]
[Result "0-1"]
[WhiteElo "2515"]
[BlackElo "2311"]
[TimeControl "180+1"]
[EndTime "13:20:47 PST"]
[Termination "ajian won by resignation"]

1. e4 c5 2. Nf3 Nc6 3. Bb5 g6 4.
O-O Bg7 5. c3 Nf6 6. Re1 O-O 7.
d4 d5 8. e5 Ne4 9. Be3 cxd4 10.
cxd4 Qb6 11. Bxc6 Qxc6 12. Nbd2 Nxd2 13. Qxd2 Bg4 14. Rac1 Qb6 15. Ng5 Rac8 16. h3 Bf5 17.
g4 Bd7 18. Nf3 Rxc1 19. Rxc1 Rc8 20. Rxc8+ Bxc8 21. Qc3 Bd7 22. Nd2 Qc6 23. Qxc6 Bxc6 24. f4 Bd7 25. Kf2 f6 26. Nb1 fxe5 27. dxe5 a6 28.
Bc5 Kf7 29. Nc3 g5 30. Kg3 gxf4+ 31. Kxf4 Ke6 32. Bd4 Bh6+ 33. g5 Bg7 34. h4 Be8 35. Ne2 Bh5 36. Nc1 Bg6 37. Nb3 b6 38. Nd2 Bc2 39.
Nf1 h6 40. Ng3 hxg5+ 41. hxg5 Bd3 42. Nh5 Bh8 43. Ke3 Be4 44. Nf4+ Kf5 45. g6 Bg7 46. e6 Bxd4+ 47. Kxd4 Kxf4 48. g7 Bh7 49. Kxd5 Kf5 50. b4 b5 51. a3 Bg8 52. Kc6 Bxe6 53. Kb6 Bg8 54. Kxa6 e5 55. a4 bxa4 56. b5 a3 57.
b6 a2 58. b7 a1=Q+ 59. Kb6 Qb2+ 60. Kc7 Qxb7+ 61. Kxb7 e4 62. Kc7 e3 63. Kd7 e2 64.
Ke7 e1=Q+ 65. Kf8 Be6 66. g8=Q Bxg8 67. Kg7 Qe7+ 68. Kxg8 Kg6 0-1

[Event "*** Titled Tuesday Blitz"]
[Site "Chess.com"]
[Date "2020.03.03"]
[Round "2"]
[White "denizozen"]
[Black "Ba_clbaf_osed_ingo_3v21"]
[Result "1-0"]
[WhiteElo "2840"]
[BlackElo "2601"]
[TimeControl "180+1"]
[EndTime "13:20:48 PST"]
[Termination "denizozen won by resignation"]

1. e4 c5 2. Nf3 d6 3. d4 cxd4 4. Nxd4 Nf6 5. Nc3 a6 6. Bg5 e6 7. f4 h6 8. Bh4 Qb6 9. Qd2 Qxb2 10. Rb1 Qa3 11. e5 dxe5 12. fxe5 Nfd7 13. Ne4 Qxa2 14.
Rd1 Qd5 15. Qe3 Qxe5 16. Be2 Bc5 17. Bg3 Bxd4 18. Rxd4 Qa5+ 19. Rd2 O-O 20. Bd6 f5 21.
Bxf8 Nxf8 22. Nd6 Qa1+ 23. Bd1 Nc6 24. g4 Qe5 25. Qxe5 Nxe5 26. gxf5 exf5 27. O-O Nfg6 28. Nxf5 Bd7 29. h4 Rf8 30. Nd6 Nxh4 31. Rxf8+ Kxf8 32. Rf2+ Ke7 33. Nxb7 Bc6 34. Nc5 a5 35. c3 Kd6 36.
Nb3 a4 37. Nd4 Bd7 38. Ra2 g5 39. Bxa4 Bc8 40. Bd1 Kc5 41. Ra5+ Kd6 42. Nb5+ Ke6 43. Nc7+ Kd7 44. Rxe5 Kxc7 45. Re7+ Kd6 46. Rh7 Nf5 47. Bg4 Kd5 48. Kf2 Be6 49. Bxf5 Bxf5 50. Rxh6 Kc4 51. Rc6+ Kd5 52. Rc7 g4 53. Ke3 g3 54. Rg7 Kc4 55.
Kd2 Be6 56. Rxg3 Kc5 57. Rg6 Bf5 58. Rg5 1-0

[Event "*** Titled Tuesday Blitz"]
[Site "Chess.com"]
[Date "2020.03.03"]
[Round "2"]
[White "vova-79"]
[Black "Marcus_Harvey"]
[Result "0-1"]
[WhiteElo "2556"]
[BlackElo "2759"]
[TimeControl "180+1"]
[EndTime "13:20:49 PST"]
[Termination "Marcus_Harvey won by resignation"]

1. d4 Nf6 2. c4 e6 3. Nc3 Bb4 4. e3 O-O 5. Ne2 Re8 6. a3 Bf8 7. Ng3 d5 8. Be2 a6 9. O-O dxc4 10. Bxc4 b5 11. Be2 Bb7 12. Bf3 Qc8 13. Nge4 Nbd7 14. Bd2 Ra7 15. Rc1 Qa8 16. Nxf6+ Nxf6 17. Bxb7 Qxb7 18.
Qe2 Raa8 19. Rfd1 Rac8 20. Na2 c5 21. dxc5 Bxc5 22. h3 Ne4 23. Bb4 Bxb4 24. Nxb4 Nc5 25. Rc3 Na4 26. Rcd3 Nc5 27. Rc3 g6 28. Rdc1 Na4 29.
Rxc8 Rxc8 30. Rxc8+ Qxc8 31. Qd2 a5 32. Na2 Qc4 33. Nc1 Nc5 34. b3 Nxb3 35. Nxb3 Qxb3 36. Qxa5 Kg7 37. g3 h5 38. h4 Qd1+ 39. Kg2 Qd5+ 40. Kg1 Kf6 41. Qb4 e5 42. Kh2 Qc6 43.
Qb2 Ke6 44. Qb3+ Qc4 45. Qb2 f5 46. Kg2 Kd6 47. Qd2+ Qd5+ 48. Qxd5+ Kxd5 49. Kf3 Kc4 50. e4 Kb3 51. exf5 gxf5 52. Ke3 Kxa3 53. f4 exf4+ 54. Kxf4 b4 55. Kxf5 b3 0-1

[Event "*** Titled Tuesday Blitz"]
[Site "Chess.com"]
[Date "2020.03.03"]
[Round "2"]
[White "Willychess95"]
[Black "josmito10"]
[Result "0-1"]
[WhiteElo "2606"]
[BlackElo "2851"]
[TimeControl "180+1"]
[EndTime "13:20:51 PST"]
[Termination "josmito10 won on time"]

1. e4 c5 2. Nf3 Nc6 3. d4 cxd4 4.
Nxd4 Qc7 5. Nc3 e6 6. g4 a6 7. Be3 b5 8. a3 Bb7 9. Nxc6 Bxc6 10. Qd4 Nf6 11. Be2 Bd6 12. f3 Be5 13. Qd2 d5 14. g5 dxe4 15. gxf6 exf3 16. fxg7 Bxg7 17. Rg1 Be5 18.
Bd3 Bxh2 19. O-O-O Bxg1 20. Bxg1 O-O-O 21. Bh2 Qb6 22. Bg1 Qc7 23. Bh2 Qb6 24. Qf4 f5 25. Qe5 Rhe8 26.
Rg1 f2 27. Rf1 Bg2 28. Rxf2 Ba8 29. Rf1 Rd7 30. Kb1 Qc7 31. Qxc7+ Rxc7 32. Bxc7 Kxc7 33. Re1 Kd7 34. Ne2 Re7 35. Nf4 Kd6 36. Kc1 Bc6 37. Kd2 e5 38. Bxf5 exf4 39. Rxe7 Kxe7 40.
Bxh7 Kd6 0-1

[Event "*** Titled Tuesday Blitz"]
[Site "Chess.com"]
[Date "2020.03.03"]
[Round "2"]
[White "Darhild"]
[Black "StoreySniper"]
[Result "0-1"]
[WhiteElo "2690"]
[BlackElo "2435"]
[TimeControl "180+1"]
[EndTime "13:20:53 PST"]
[Termination "StoreySniper won on time"]

1. Nf3 g6 2. g3 Bg7 3. d4 c5 4. c3 Qb6 5. Bg2 Nf6 6. O-O O-O 7. a4 cxd4 8. a5 Qc7 9. cxd4 Nc6 10. a6 bxa6 11. Nc3 d6 12. e4 Bg4 13. Rxa6 Nb4 14.
Ra4 a5 15. h3 Bd7 16. Ra1 Rfb8 17. Re1 Bc6 18. Bf4 Qb7 19. d5 Bb5 20. Nxb5 Qxb5 21. Nd4 Qb6 22. Be3 Qd8 23. Qd2 Nd7 24. Ra3 Ne5 25.
Rc1 Rc8 26. Rac3 Rxc3 27. Rxc3 Nd7 28. Nc6 Nxc6 29. Rxc6 Ne5 30. Rc3 Qb8 31. Qc2 Nd7 32. Rb3 Qd8 33. Qc6 Rc8 34. Qa6 Nc5 35. Bxc5 Rxc5 36.
Qa7 Rc8 37. Rb7 Bf6 38. Kh2 Kg7 39. h4 h5 40. b3 Ra8 41. Qe3 Qc8 42. Qb6 Qc2 43. Rc7 Qd2 44. Qb7 Re8 45. Qb6 Bd4 46. Qb5 Ra8 0-1

[Event "*** Titled Tuesday Blitz"]
[Site "Chess.com"]
[Date "2020.03.03"]
[Round "2"]
[White "vpantev"]
[Black "TigrVShlyape"]
[Result "1-0"]
[WhiteElo "2636"]
[BlackElo "2882"]
[TimeControl "180+1"]
[EndTime "13:20:56 PST"]
[Termination "vpantev won by resignation"]

1. d4 d5 2. Nf3 Nf6 3. Bf4 e6 4. e3 Bd6 5. Bg3 O-O 6. c4 c5 7. cxd5 Nxd5 8. Nc3 Nxc3 9. bxc3 Nc6 10. Bd3 cxd4 11.
Bxd6 Qxd6 12. cxd4 h6 13. O-O b6 14. Qe2 Bb7 15. Ba6 Bxa6 16. Qxa6 Nb4 17. Qa4 Nd5 18.
Ne5 a6 19. h3 b5 20. Qa5 Rfc8 21.
Rfc1 Qb6 22. Qxb6 Nxb6 23. Nc6 Kf8 24. Na5 Ke7 25. Kf1 f5 26. Ke2 Kd6 27. Kd3 Na4 28. f3 e5 29. dxe5+ Kxe5 30. g4 Nb2+ 31. Ke2 Nc4 32. Nxc4+ Rxc4 33. Rxc4 bxc4 34. Rb1 Rc8 35. f4+ Kd5 36. gxf5 c3 37. Kd3 Rc5 38. Rc1 Ra5 39.
Rxc3 Rxa2 40. e4+ Kd6 41. Rb3 Kc6 42. Kd4 a5 43. Ke5 a4 44. Rc3+ Kd7 45. f6 gxf6+ 46. Kxf6 Rb2 47. Rd3+ Ke8 48. Rd6 Rb4 49. Kf5 Rb5+ 50.
e5 Ra5 51. Rd2 a3 52. Ra2 Kf7 53. h4 Ra4 54. h5 Ra5 55. Ke4 Ra4+ 56. Kd5 Ra5+ 57.
Kd6 Ra6+ 58. Kc5 Ke6 59. Kb4 Rb6+ 60. Kc5 Ra6 61. Kb4 Rb6+ 62. Kxa3 Kf5 63. Re2 Rb7 64. Rf2 Rb1 65. Ka2 Rb7 66. Ka3 Rb8 67. Ka4 Rb7 68. Ka5 Rb8 69. Ka6 Rb4 70. Re2 Rb8 71.
e6 Re8 72. e7 Kf6 73. Kb6 Rxe7 74. Rxe7 Kxe7 75. Kc5 Ke6 76. Kd4 Kf5 77. Ke3 Kg4 78.
Ke4 Kxh5 79. f5 Kg5 80. Ke5 h5 81. f6 h4 82. f7 1-0

[Event "*** Titled Tuesday Blitz"]
[Site "Chess.com"]
[Date "2020.03.03"]
[Round "2"]
[White "black_pawn_16"]
[Black "FedaMaster"]
[Result "0-1"]
[WhiteElo "2169"]
[BlackElo "2436"]
[TimeControl "180+1"]
[EndTime "13:20:56 PST"]
[Termination "FedaMaster won on time"]

1. e4 c5 2. Nc3 a6 3. f4 g6 4. g3 Bg7 5. Bg2 e6 6. d3 Ne7 7. Nf3 Nbc6 8. Qe2 d5 9. O-O b5 10.
Nd1 dxe4 11. dxe4 Bb7 12. c3 Qd7 13. Nf2 O-O 14. Be3 c4 15. Bc5 Rfd8 16. Bb6 Rdc8 17.
Rad1 Qe8 18. Kh1 a5 19. e5 Ra6 20. Be3 Nd5 21. Ne4 Rb8 22. Nd6 Qd7 23. Ng5 Nce7 24.
Nge4 Nxe3 25. Qxe3 Nd5 26. Qf2 Ba8 27. Nc5 Qc6 28. Nxa6 Qxa6 29. Rfe1 h5 30. Ne4 b4 31. h4 a4 32. Kh2 a3 33. cxb4 Rxb4 34. bxa3 Qxa3 35. Rb1 c3 36. Rxb4 Qxb4 37. Qc2 Qd4 38. Nxc3 Qc5 39. Bxd5 exd5 40. Rc1 d4 41. Ne2 Qd5 42.
Qc8+ Kh7 43. Rg1 Qf3 44. Nxd4 Qf2+ 45. Kh3 Qxg1 46. Qxa8 Qxd4 47. a4 Qd7+ 48. Kh2 Qd2+ 49. Kh3 Qd1 50. a5 Bf8 0-1

[Event "*** Titled Tuesday Blitz"]
[Site "Chess.com"]
[Date "2020.03.03"]
[Round "2"]
[White "Sunnika"]
[Black "j2806"]
[Result "1-0"]
[WhiteElo "2384"]
[BlackElo "1973"]
[TimeControl "180+1"]
[EndTime "13:20:56 PST"]
[Termination "Sunnika won by checkmate"]

1. d4 Nf6 2. c4 e6 3. g3 d5 4. Nf3 Be7 5. Bg2 O-O 6. O-O dxc4 7. Qc2 a6 8. a4 Nbd7 9. Nbd2 c5 10. dxc5 Nxc5 11.
Nxc4 Rb8 12. Rd1 Qe8 13. Bf4 Ra8 14. Nd6 Qc6 15. Ne5 Qb6 16. Nec4 Qb3 17. Qc1 Nxa4 18. Rd3 Qb4 19. Rxa4 Qxa4 20. Nb6 Qb4 21. Ndxc8 Raxc8 22. Nxc8 Bc5 23. Nd6 Nd5 24. Bxd5 exd5 25. Nf5 Qb6 26. Be3 Bxe3 27. Nxe3 Rd8 28. Nxd5 Qe6 29. Qd2 Kh8 30. Nf4 Rxd3 31. Qxd3 Qe8 32. f3 h6 33. h4 Qc6 34.
Kg2 Qc1 35. b3 Qc6 36. Qd8+ Kh7 37. Qd5 Qf6 38. h5 Qe7 39. Qe4+ Qxe4 40. fxe4 Kg8 41. Kf3 Kf8 42. Ke3 Ke7 43. Kd4 Kd6 44. e5+ Kd7 45.
Kd5 Ke7 46. e6 fxe6+ 47. Ke5 Kf7 48. Nxe6 b5 49. Nc7 a5 50. Nxb5 Ke7 51. Nd6 Kf8 52.
Nf5 Kf7 53. e4 Kf8 54. Ke6 Kg8 55. Ke7 Kh7 56. Kf7 Kh8 57. Nxg7 Kh7 58. Ne6 Kh8 59.
Nc5 Kh7 60. e5 Kh8 61. e6 Kh7 62. e7 Kh8 63. e8=Q+ Kh7 64. Qg8# 1-0

[Event "*** Titled Tuesday Blitz"]
[Site "Chess.com"]
[Date "2020.03.03"]
[Round "2"]
[White "Incognito_Knight"]
[Black "GMWSO"]
[Result "1/2-1/2"]
[WhiteElo "2667"]
[BlackElo "3108"]
[TimeControl "180+1"]
[EndTime "13:20:57 PST"]
[Termination "Game drawn by repetition"]

1. e4 c5 2. Nf3 d6 3. d4 cxd4 4. Nxd4 Nf6 5. f3 e5 6. Nb3 Be6 7. c4 Nbd7 8. Be3 Rc8 9. Na3 a6 10. Be2 Be7 11. O-O O-O 12. Qd2 Qc7 13. Rfd1 Qb8 14. Rac1 Rfd8 15. Kh1 h6 16. Bf1 Rc7 17. Na1 Rdc8 18. N1c2 b5 19. Nb4 Qa8 20. cxb5 Rxc1 21. Rxc1 Rxc1 22. Qxc1 axb5 23. Bxb5 Nc5 24. Bc4 Qb7 25.
Bxc5 dxc5 26. Nd3 Bxc4 27. Nxc4 Qa6 28. a3 Nd7 29. Ndxe5 Nxe5 30. Nxe5 Bf6 31. Qc4 Qb7 32. Nd3 Bxb2 33. Nxc5 Qc6 34. Qd5 Qxd5 35. exd5 Bxa3 36. Nd3 f6 37. g4 Kf7 38. Kg2 Ke7 39. Nf4 g5 40.
Nh5 Bb2 41. Ng3 Kd6 42. Nf5+ Kxd5 43. Nxh6 Be5 44. Nf5 Ke6 45. h4 gxh4 46. Nxh4 Kd5 47. Nf5 Bf4 48. Ng3 Be5 49. Nf5 Kc4 50. Kf2 Kd3 51. Kg2 Ke2 52. Ng3+ Ke3 53. Nh5 Bd4 54. Ng3 Be5 55. Nf5+ Kf4 56. Ng3 Ke3 1/2-1/2

[Event "*** Titled Tuesday Blitz"]
[Site "Chess.com"]
[Date "2020.03.03"]
[Round "2"]
[White "Barcelona_Guy"]
[Black "Tjktiger"]
[Result "0-1"]
[WhiteElo "2582"]
[BlackElo "2813"]
[TimeControl "180+1"]
[EndTime "13:21:00 PST"]
[Termination "Tjktiger won by resignation"]

1. e4 c5 2. Nf3 g6 3. c4 Bg7 4.
d4 cxd4 5. Nxd4 Nc6 6. Be3 Qb6 7. Nb5 Qa5+ 8. N1c3 Nf6 9. Qd2 O-O 10. Be2 d6 11. O-O a6 12. Nd4 Nxd4 13. Qxd4 Ng4 14. Qb6 Bxc3 15.
bxc3 Qxb6 16. Bxb6 Ne5 17. Be3 Be6 18. c5 dxc5 19. Bxc5 Rfe8 20. Bd4 Bc4 21. Bxe5 Bxe2 22. Rfe1 Bc4 23. a4 f6 24. Bc7 Rec8 25. Bb6 Bf7 26. Re3 Rc6 27. a5 Rac8 28. Ra3 Rd6 29. h4 Rd1+ 30. Kh2 e5 31. Ra4 Be8 32. Rb4 Bc6 33.
c4 Kf7 34. c5 Ke6 35. Rbb3 Re8 36. Kg3 Re7 37. f3 Red7 38. Rbc3 f5 39. exf5+ gxf5 40. Re2 Bb5 41. Rb2 f4+ 42. Kh2 Rf1 43. h5 Rdd1 44. Kh3 Rh1+ 45. Kg4 Rd7 46. Kg5 Rf7 47. Bd8 Rf5+ 48. Kg4 Rfxh5 49. Rd2 Kf7 50. Rd6 Ke8 51. Bg5 Bd7+ 52. Rxd7 Kxd7 53. Rd3+ Kc6 54. Rd6+ Kxc5 55. Rb6 R5h2 56. Rxb7 Rxg2+ 57. Kf5 Rh5 58. Rc7+ Kb5 59.
Rg7 0-1

[Event "*** Titled Tuesday Blitz"]
[Site "Chess.com"]
[Date "2020.03.03"]
[Round "2"]
[White "Bryakin_Mikhail"]
[Black "gena217"]
[Result "1-0"]
[WhiteElo "2666"]
[BlackElo "3010"]
[TimeControl "180+1"]
[EndTime "13:21:01 PST"]
[Termination "Bryakin_Mikhail won by checkmate"]

1. d4 Nf6 2. c4 e6 3. Nf3 d5 4. g3 Be7 5. Bg2 O-O 6. O-O dxc4 7. Qc2 a6 8. a4 Bd7 9. Qxc4 Bc6 10. Bg5 Bd5 11. Qc2 Be4 12. Qc1 Nc6 13. Rd1 Bxf3 14. Bxf3 Nxd4 15. Nc3 Nxf3+ 16. exf3 Qc8 17. Ne4 Nxe4 18. Bxe7 Re8 19. fxe4 Rxe7 20. Qc5 Rd7 21. a5 Qe8 22. Rxd7 Qxd7 23. Rc1 c6 24. Rc3 Rd8 25. Kg2 h6 26. h4 Qd1 27. Rc1 Qd3 28. Qc4 e5 29. Rc3 Qd4 30. b3 Rd7 31. Kf3 Qd1+ 32.
Kg2 g6 33. Rf3 Qd4 34. Qc2 Kg7 35. h5 gxh5 36. Rf5 Qd3 37. Qxd3 Rxd3 38. Rxe5 Kg6 39. f4 Rxb3 40. Re7 Rb5 41. Rc7 Kf6 42. Kf3 Rb3+ 43. Kg2 Ke6 44. Kf2 Rb4 45. Kf3 Rb3+ 46. Kf2 f6 47. Rh7 Rb2+ 48. Kf3 Rb3+ 49. Kf2 c5 50.
Rc7 Rb5 51. Kf3 Rxa5 52. Rxb7 Ra3+ 53. Kf2 a5 54. Rb6+ Kf7 55. Rc6 Rc3 56. Ra6 Ra3 57.
Rc6 a4 58. Rxc5 Kg6 59. Ra5 Ra2+ 60. Kf3 a3 61. Ra6 Kg7 62. Ra7+ Kg6 63. Ra6 Kf7 64.
Ra7+ Kg6 65. f5+ Kg5 66. Rg7# 1-0

[Event "*** Titled Tuesday Blitz"]
[Site "Chess.com"]
[Date "2020.03.03"]
[Round "2"]
[White "Teidi96"]
[Black "SoltaniciR"]
[Result "1/2-1/2"]
[WhiteElo "2277"]
[BlackElo "2509"]
[TimeControl "180+1"]
[EndTime "13:21:02 PST"]
[Termination "Game drawn - insufficient material"]

1. e4 c5 2. Nf3 d6 3. Bb5+ Nd7 4. d4 cxd4 5. Qxd4 a6 6. Bxd7+ Bxd7 7. c4 b5 8. Nc3 e5 9. Qd3 Qb6 10. O-O h6 11.
Rd1 Nf6 12. b3 Be7 13. cxb5 axb5 14. Nd5 Nxd5 15. Qxd5 Bc6 16. Qd3 Qb7 17. Re1 O-O 18. Bb2 b4 19. Nd2 Bb5 20. Nc4 Qa6 21. Qd5 Rfc8 22.
Rec1 Rc5 23. Qd3 Rac8 24. a4 Bxc4 25. Rxc4 Rxc4 26. bxc4 Rxc4 27. Qd5 b3 28. a5 Rc5 29. Qxb3 Rxa5 30. Rxa5 Qxa5 31. Bc3 Qa8 32. Qc2 d5 33. exd5 Qxd5 34. g3 Bc5 35. Qd2 Qxd2 36. Bxd2 f5 37. Kg2 Kf7 38. h4 Bf8 39. Kf3 g6 40. Ke2 Ke6 41. Kd3 Kd5 42. Be3 h5 43. Bd2 Bc5 44. Be1 f4 45. gxf4 exf4 46. f3 Be7 47. Bf2 g5 48.
hxg5 Bxg5 49. Ke2 Be7 50. Kf1 Bc5 51. Bh4 Ke6 52. Bg5 Kf5 53. Bxf4 Kxf4 54. Kg2 Be7 55. Kh1 Kg3 56. f4 Bf6 57. f5 h4 58. Kg1 h3 59.
Kh1 Bd4 60. f6 Bxf6 61. Kg1 h2+ 62. Kh1 Kg4 63. Kxh2 1/2-1/2

[Event "*** Titled Tuesday Blitz"]
[Site "Chess.com"]
[Date "2020.03.03"]
[Round "2"]
[White "iturrizaga"]
[Black "Keaton87"]
[Result "1/2-1/2"]
[WhiteElo "2940"]
[BlackElo "2643"]
[TimeControl "180+1"]
[EndTime "13:21:05 PST"]
[Termination "Game drawn by agreement"]

1. c4 e6 2. g3 d5 3. Bg2 Nf6 4.
Nf3 dxc4 5. Qa4+ c6 6. Qxc4 Nbd7 7. O-O Bd6 8. d4 O-O 9. Nc3 e5 10. Rd1 Qe7 11. dxe5 Nxe5 12. Nxe5 Bxe5 13. Be3 Be6 14.
Qh4 h6 15. h3 Rfe8 16. Kh2 Nd7 17. Qxe7 Rxe7 18. Bd4 Bxd4 19. Rxd4 Nb6 20. Rad1 Rd7 21. Rxd7 Nxd7 22. b3 Kf8 23. e4 Ke7 24. f4 f6 25.
g4 a5 26. Kg3 Nb6 27. Re1 a4 28. f5 Bf7 29. e5 fxe5 30. Rxe5+ Kd6 31. Kf4 g5+ 32.
fxg6 Bxg6 33. Ne4+ Bxe4 34. Bxe4 axb3 35. axb3 Ra3 36. Rh5 Rxb3 37. Rxh6+ Ke7 38. Rh7+ Kd6 39. g5 Rb4 40. Rh6+ Ke7 41. Rh7+ Kd6 42. g6 Nd5+ 43. Kf3 Rb3+ 44. Kf2 Nf6 45. Bf5 Ke5 46. Bc2 Rb2 47.
Re7+ Kf4 48. Re2 b5 49. g7 b4 50. Bd3 Rxe2+ 51. Kxe2 Kg5 52. Bc4 Kh6 53. g8=Q Nxg8 54.
Bxg8 b3 55. Bxb3 c5 56. Bc4 Kg7 57. Kf3 Kh8 58. Kg4 Kg7 59. h4 Kh8 60. Kg5 Kg7 61.
h5 Kh8 62. Kf6 Kh7 63. Kg5 Kh8 64. Bd5 Kh7 65. Be4+ Kh8 66. Bc2 Kg7 67. h6+ Kh8 68. Kg6 Kg8 69. h7+ Kh8 70. Kf7 1/2-1/2

[Event "*** Titled Tuesday Blitz"]
[Site "Chess.com"]
[Date "2020.03.03"]
[Round "2"]
[White "Gahan-MG"]
[Black "RemcoSpr"]
[Result "1/2-1/2"]
[WhiteElo "2488"]
[BlackElo "2268"]
[TimeControl "180+1"]
[EndTime "13:21:05 PST"]
[Termination "Game drawn - insufficient material"]

1. e4 c5 2. c3 d5 3. exd5 Qxd5 4. d4 Nc6 5. Nf3 Bg4 6. dxc5 Qxd1+ 7. Kxd1 e5 8. b4 Nge7 9. Be2 f6 10. Be3 Nd5 11. a3 a5 12. b5 Nd8 13. c4 Nxe3+ 14. fxe3 Bxc5 15. Nc3 Bxe3 16. Nd5 e4 17. Nxe3 exf3 18. Bxf3 Bxf3+ 19. gxf3 Ne6 20. Nd5 Rc8 21. Rc1 Kf7 22. Kd2 Rhd8 23. Ke3 Nc5 24. Rhd1 Re8+ 25. Kf2 Rcd8 26.
Nc7 Nd3+ 27. Rxd3 Rxd3 28. Nxe8 Kxe8 29. c5 Rxa3 30. c6 bxc6 31. bxc6 Kd8 32. Rd1+ Kc7 33.
Rd7+ Kxc6 34. Rxg7 Ra2+ 35. Kg3 a4 36. Rxh7 Rd2 37.
Ra7 Kb5 38. h4 Kb4 39. Ra6 Rd5 40. Rxf6 a3 41. Rb6+ Rb5 42. Ra6 Ra5 43. Rb6+ Rb5 44. Re6 a2 45. Re1 Ka3 46. Ra1 Rb4 47. f4 Kb2 48.
Rxa2+ Kxa2 49. Kg4 Kb3 50. h5 Kc4 51. h6 Kd5 52. h7 Rb8 53. Kg5 Ke6 54. Kg6 Rh8 55. f5+ Ke5 56. f6 Rxh7 57. Kxh7 Kxf6 1/2-1/2

[Event "*** Titled Tuesday Blitz"]
[Site "Chess.com"]
[Date "2020.03.03"]
[Round "2"]
[White "arjwezhrtdrz"]
[Black "FrenchMonster2002"]
[Result "0-1"]
[WhiteElo "2119"]
[BlackElo "2418"]
[TimeControl "180+1"]
[EndTime "13:21:06 PST"]
[Termination "FrenchMonster2002 won on time"]

1. e4 c5 2. c3 Nf6 3. e5 Nd5 4. Nf3 e6 5. d4 cxd4 6. cxd4 d6 7. Bc4 Nc6 8. O-O Be7 9. Qe2 O-O 10. Rd1 b6 11. h3 Bb7 12. Bxd5 exd5 13. Nc3 Na5 14. Bf4 Rc8 15. Rac1 Re8 16. Re1 Bf8 17. Qc2 dxe5 18. Bxe5 f6 19. Bg3 Qd7 20. Nd2 Nc4 21. Nxc4 Rxc4 22. Rxe8 Qxe8 23. Qd2 Bb4 24. Re1 Qc8 25. Re3 Rc6 26. Qe2 Qd7 27. Re8+ Kf7 28. Rb8 Re6 29. Qd2 Re8 30. Rxe8 Qxe8 31. Qf4 Qd7 32. Qb8 Ba6 33.
Kh2 Bc4 34. a3 Be7 35. Qf4 g5 36. Qb8 h5 37. Nd1 h4 38. Bc7 Qf5 39. Ne3 Qxf2 40. Ng4 Qxd4 41. Qxa7 Bf1 42. Bd6 Qe4 43. Nh6+ Kg6 0-1

[Event "*** Titled Tuesday Blitz"]
[Site "Chess.com"]
[Date "2020.03.03"]
[Round "2"]
[White "Fighterman91"]
[Black "Sashadav97"]
[Result "0-1"]
[WhiteElo "2725"]
[BlackElo "2558"]
[TimeControl "180+1"]
[EndTime "13:21:07 PST"]
[Termination "Sashadav97 won by resignation"]

1. d4 Nf6 2. Bf4 d5 3. e3 e6 4. Nd2 Bd6 5. Bg3 c5 6. Ngf3 O-O 7. c3 Qc7 8. dxc5 Qxc5 9. Bd3 b6 10. e4 Be7 11. e5 Nfd7 12. Nb3 Qc7 13. h4 Ba6 14. Nbd4 Bxd3 15. Qxd3 Nc6 16. Ng5 Bxg5 17. hxg5 g6 18. Nxc6 Qxc6 19. Bf4 Rfc8 20. Qh3 Nf8 21. O-O Qc4 22.
Be3 Qe4 23. Bd4 Qf4 24. Qh6 Rc4 25. Rad1 Nd7 26. Rfe1 b5 27. Re3 Rac8 28. Rh3 Nf8 29. Rf3 Qg4 30. a3 a5 31. Rdd3 b4 32. axb4 axb4 33. Rg3 Qe2 34. Rge3 Qg4 35. Rg3 Qf4 36. Rgf3 Qc1+ 37. Kh2 bxc3 38. Rxc3 Rxc3 39. bxc3 Rb8 40.
Kg3 Rb2 41. Bc5 Nd7 42. Be7 Rxf2 43. Rxf2 Qe3+ 44. Rf3 Qxe5+ 45. Kh3 Qe1 46. Bf6 Nxf6 47. Rxf6 Qxc3+ 48. Kh2 Qe5+ 49. Kh3 d4 50. Rf3 d3 51. Qh4 d2 52. Rd3 Qf5+ 53. Kh2 Qxd3 54. Qb4 d1=Q 55. Qb8+ Kg7 56. Qe5+ Kg8 57. Qb8+ Qd8 58. Qe5 Q8d6 59.
Qxd6 Qxd6+ 60. g3 Qe5 0-1

[Event "*** Titled Tuesday Blitz"]
[Site "Chess.com"]
[Date "2020.03.03"]
[Round "2"]
[White "FearNoEvil12"]
[Black "RestartingChess"]
[Result "1-0"]
[WhiteElo "2004"]
[BlackElo "2372"]
[TimeControl "180+1"]
[EndTime "13:21:07 PST"]
[Termination "FearNoEvil12 won by checkmate"]

1. e4 d5 2. exd5 Qxd5 3. Nc3 Qd8 4. Nf3 Nf6 5. Be2 Bf5 6. O-O Nc6 7. d4 e6 8. Bg5 Be7 9. Bd3 Bg6 10. Bxg6 hxg6 11. Qe2 a6 12. Rad1 Nb4 13. Rfe1 Nfd5 14. Bxe7 Qxe7 15.
Nxd5 Nxd5 16. c4 Nf4 17. Qe4 Qf6 18. Qxb7 O-O 19. Qe4 Rab8 20. b3 a5 21. Ne5 Rbd8 22. Qf3 Qg5 23. g3 Nh3+ 24. Kg2 Qh6 25. Ng4 Qh5 26. Re5 Ng5 27. Qf4 Qh3+ 28. Kg1 f6 29. Re3 e5 30. Nxe5 fxe5 31. Qxg5 exd4 32. Re7 d3 33.
Qxg6 Qh6 34. Qxh6 gxh6 35. Rxc7 Rfe8 36. Kf1 Re2 37. Rc6 Rxa2 38. Rxh6 Kf7 39. Rh5 Kg6 40. Rd5 Rf8 41. f4 Rxh2 42. R1xd3 Re8 43. Rd2 Rh1+ 44. Kg2 Ree1 45. Kf3 Rhg1 46. Kg4 Re3 47. Rd6+ Kf7 48. Rd7+ Ke8 49. Rd8+ Ke7 50. R2d7+ Kf6 51. Rd6+ Ke7 52. R8d7+ Ke8 53. Ra7 Rgxg3+ 54. Kf5 Rxb3 55. Rh6 Rg8 56. Rhh7 Rb8 57. Rae7+ Kd8 58. Rd7+ Kc8 59. Rc7+ Kd8 60.
Rhd7+ Ke8 61. Kf6 Rb6+ 62. Ke5 Rb8 63. Re7+ Kd8 64. f5 a4 65. Red7+ Ke8 66. f6 Rf8 67.
f7+ Rxf7 68. Rxf7 a3 69. Rh7 Kd8 70. Rcg7 Rb5+ 71. cxb5 a2 72. Rg8# 1-0

[Event "*** Titled Tuesday Blitz"]
[Site "Chess.com"]
[Date "2020.03.03"]
[Round "2"]
[White "MartinMatthiesen"]
[Black "Gabrielian_Artur"]
[Result "1-0"]
[WhiteElo "2589"]
[BlackElo "2770"]
[TimeControl "180+1"]
[EndTime "13:21:08 PST"]
[Termination "MartinMatthiesen won on time"]

1. d4 Nf6 2. c4 e6 3. Nf3 Bb4+ 4. Bd2 Qe7 5. Nc3 b6 6. g3 Bb7 7. Bg2 O-O 8. O-O d6 9. Re1 Nbd7 10. Qc2 Bxc3 11. Bxc3 Ne4 12. Ng5 Qxg5 13. Bxe4 Bxe4 14. Qxe4 d5 15. Qd3 Nf6 16. Rac1 Rfe8 17. Bd2 Qh5 18.
cxd5 Nxd5 19. e4 Nf6 20. Rxc7 Red8 21. f3 Ne8 22. Rc6 h6 23. Kg2 Rd7 24. Be3 Rad8 25. Rec1 Nf6 26. Rc8 Qg6 27. Rxd8+ Rxd8 28. Rc3 h5 29. h4 Kh7 30. Qc2 Rd7 31. Rc7 a5 32. Rxd7 Nxd7 33. Qc6 Nf6 34. a4 Kg8 35. Kf2 Kh7 36.
Qxb6 Nxe4+ 37. fxe4 Qxe4 38. Qxa5 Qc2+ 39. Qd2 Qxa4 40.
Qd3+ Kg8 41. Kg2 Qc6+ 42. Kh2 Qd5 43. Bg1 Qa2 44. Qd2 Qb3 45. Qc3 Qd1 46. Bf2 Qe2 47. Kg2 Qe4+ 48. Qf3 Qc2 49. Qxh5 Qxb2 50. Qg4 Qc2 51.
h5 Kh7 52. Kf3 Qd1+ 53. Kf4 Qc1+ 54. Be3 Qf1+ 55. Qf3 1-0

[Event "*** Titled Tuesday Blitz"]
[Site "Chess.com"]
[Date "2020.03.03"]
[Round "2"]
[White "matiss90"]
[Black "NoGalloNoParty"]
[Result "0-1"]
[WhiteElo "2487"]
[BlackElo "2284"]
[TimeControl "180+1"]
[EndTime "13:21:09 PST"]
[Termination "NoGalloNoParty won on time"]

1. e4 c5 2. Nf3 d6 3. d4 cxd4 4. Nxd4 Nf6 5. Nc3 a6 6. Bc4 e6 7.
Bb3 Be7 8. g4 O-O 9. g5 Nfd7 10.
h4 b5 11. g6 Nc5 12. gxh7+ Kh8 13. Be3 Bb7 14. Rg1 b4 15. Nd5 exd5 16. Rxg7 Bf6 17. Rg8+ Rxg8 18. hxg8=Q+ Kxg8 19. Qg4+ Kf8 20. Bxd5 Bxd5 21.
exd5 Qd7 22. Bh6+ Ke7 23. Qg8 Qe8 24. Nf5+ Kd7+ 25. Qxe8+ Kxe8 26. Nxd6+ Ke7 27. Nc4 Nbd7 28. O-O-O Bxh4 29. Re1+ Kd8 30. d6 Bf6 31. Rg1 Kc8 32.
Rg8+ Kb7 33. Na5+ Ka7 34. Nc6+ Kb7 35. Na5+ Ka7 36. Nc6+ Kb7 37. Rxa8 Kxa8 38. Nxb4 Kb7 39. Nd5 Be5 40. f4 Bxd6 41. b4 Ne4 42. c4 Nb6 43.
Ne3 Bxb4 44. Kc2 Ba3 45. Kd3 Bc5 46. Kxe4 Bxe3 47. Kxe3 Nxc4+ 48. Kd4 Nb6 49. Ke5 Nc4+ 50. Kf6 Nd6 51. Bf8 Ne4+ 52. Kxf7 Kc6 53. f5 Kd5 54. Kg6 Kd4 55. Bg7+ Kd3 56. Bb2 Kc2 57.
Bh8 a5 0-1

[Event "*** Titled Tuesday Blitz"]
[Site "Chess.com"]
[Date "2020.03.03"]
[Round "2"]
[White "vugarrasulov"]
[Black "farzadbfd"]
[Result "1-0"]
[WhiteElo "2886"]
[BlackElo "2618"]
[TimeControl "180+1"]
[EndTime "13:21:14 PST"]
[Termination "vugarrasulov won by resignation"]

1. e4 c6 2. Nc3 d5 3. Nf3 Bg4 4. h3 Bxf3 5. Qxf3 e6 6. d3 Nd7 7. g3 g6 8. Bg2 Bg7 9. O-O Ngf6 10. Qe2 Qb6 11. Kh2 O-O-O 12. f4 Kb8 13. a4 a5 14. Ra3 d4 15. Nd1 Bf8 16. Ra1 h5 17. Nf2 Be7 18. e5 Nd5 19. Ne4 h4 20. g4 Qc7 21. g5 Nc5 22.
Bd2 Nxe4 23. dxe4 Nb4 24. Qc4 Qb6 25. Rf3 Qc5 26. Qxc5 Bxc5 27. Rc1 Na2 28. Rd1 Nb4 29. Bf1 Bb6 30. Rb3 Bc5 31. Bd3 Nxd3 32. cxd3 Bb4 33. Bxb4 axb4 34. Rxb4 c5 35. Rb5 c4 36. dxc4 d3 37.
Kg2 d2 38. Rb3 Rd4 39. Kf3 Rhd8 40. Rc3 Rd3+ 41. Rxd3 Rxd3+ 42. Ke2 Rxh3 43. Kxd2 Rf3 44. Ke2 Rxf4 45. Ke3 Rg4 46. Rd7 h3 47. Rd8+ Kc7 48. Rh8 Rg3+ 49. Kd4 Rb3 50. a5 Rxb2 51. Rxh3 Ra2 52.
Rh7 Rxa5 53. Rxf7+ Kc6 54. Rf6 Kd7 55. Rxg6 Ra1 56.
Rg7+ Kc6 57. Re7 Rd1+ 58. Ke3 Re1+ 59. Kf3 Rf1+ 60. Kg4 Rg1+ 61. Kh5 Re1 62. Rxe6+ Kc7 63. g6 Rxe4 64. g7 1-0